 Dungeon Crawl Stone Soup version 0.27-a0-869-g165b36e3f0 (webtiles) character file.

Game seed: 15201715932568376189

15 polve the Ruffian (level 2, -1/24 HPs)
             Began as a Draconian Transmuter on Apr 2, 2021.
             Was a Follower of Dithmenos.
             Slain by a goblin
             ... wielding a +0 dagger
              (2 damage)
             ... on level 1 of the Dungeon.
             The game lasted 00:00:33 (970 turns).

polve the Ruffian (Draconian Transmuter)             Turns: 970, Time: 00:00:34

Health: -1/24      AC:  4    Str: 12    XL:     2   Next: 34%
Magic:  5/5        EV: 12    Int: 13    God:    Dithmenos [*.....]
Gold:   35         SH:  0    Dex: 11    Spells: 4/5 levels left

rFire    . . .     SeeInvis .     - Unarmed
rCold    . . .     Faith    .   (no shield)
rNeg     . . .     Spirit   .   (armour unavailable)
rPois    .         Reflect  .   (helmet restricted)
rElec    .         Harm     .   (no cloak)
rCorr    .         Rampage  .   (no gloves)
Will     .....                  (no boots)
Stlth    +.........             (no amulet)
HPRegen  0.08/turn              (no ring)
MPRegen  0.09/turn              (no ring)

@: wreathed by umbra
A: AC +4, unfitting armour, cold-blooded
a: Renounce Religion


You were on level 1 of the Dungeon.
You worshipped Dithmenos.
Dithmenos was aware of your devotion.
You visited 1 branch of the dungeon, and saw 1 of its levels.

You collected 35 gold pieces.

Inventory:

Armour
 e - a +0 pair of gloves
Scrolls
 a - a scroll of identify {unknown}
 d - a scroll of vulnerability {unknown}
Potions
 b - a potion of lignification {unknown}
 c - 2 potions of flight {unknown}


   Skills:
 + Level 1.7 Fighting
 - Level 1.7 Dodging
 * Level 3.5 Unarmed Combat
 - Level 2.0 Spellcasting
 - Level 2.0 Transmutations


You had 4 spell levels left.
You knew the following spells:

 Your Spells              Type           Power      Damage    Failure   Level
a - Beastly Appendage     Tmut           12%        N/A       11%         1

Your spell library contained the following spells:

 Spells                   Type           Power      Damage    Failure   Level
 Wereblood                Tmut           6%         N/A       17%         2
 Spider Form              Tmut/Pois      1%         N/A       45%         3
 Ice Form                 Ice/Tmut       3%         N/A       86%         4
 Hydra Form               Tmut           3%         N/A       97%         5


Dungeon Overview and Level Annotations

Branches:
Dungeon (1/15)

Altars:
Dithmenos


Innate Abilities, Weirdness & Mutations

Your plain brown scales are hard. (AC +4)
You cannot fit into any form of body armour.
You are cold-blooded and may be slowed by cold attacks.


Message History

The goblin hits you with a +0 dagger. The goblin completely misses you.
The goblin closely misses you. The goblin misses you.
The goblin barely misses you. The goblin hits you but does no damage.
The goblin closely misses you. The goblin hits you with a +0 dagger.
The goblin barely misses you. The goblin closely misses you.
The goblin hits you with a +0 dagger. The goblin barely misses you.
The goblin barely misses you. The goblin hits you but does no damage.
The goblin barely misses you. The goblin hits you but does no damage.
The goblin barely misses you. The goblin misses you.
The goblin closely misses you. The goblin hits you with a +0 dagger.
The goblin hits you with a +0 dagger. The goblin hits you with a +0 dagger.
* * * LOW HITPOINT WARNING * * *
The goblin hits you but does no damage. The goblin hits you but does no damage.
The goblin hits you with a +0 dagger.
* * * LOW HITPOINT WARNING * * *
The goblin misses you. The goblin barely misses you.
The goblin barely misses you. The goblin hits you but does no damage.
The goblin barely misses you. The goblin barely misses you.
The goblin hits you with a +0 dagger.
* * * LOW HITPOINT WARNING * * *
The goblin barely misses you. The goblin hits you but does no damage.
The goblin barely misses you. The goblin hits you with a +0 dagger.
You die...

.....#.#
.....#.###########
....###..........#
.....#.#########..
......## #.# ......#
#.## ###'### #..#
##†..## ########..###.##
#..†..###.......@.......
.......##.#######g######
..........# .#
........+.# ..
....>...#.# .##
..........# .#
#.....##..# ..
##...###..# ## ##+##
#...


You could see a goblin.

Vanquished Creatures
  2 ball pythons (D:1)
  5 bats (D:1)
  A giant cockroach (D:1)
  A hobgoblin (D:1)
  A quokka (D:1)
  A frilled lizard (D:1)
  2 goblins (D:1)
  A kobold (D:1)
14 creatures vanquished.

Notes
Turn   | Place    | Note
-------+----------+-------------------------------------------
     0 | D:1      | polve the Draconian Transmuter began the quest for the Orb.
     0 | D:1      | Reached XP level 1. HP: 16/16 MP: 3/3
   294 | D:1      | Reached XP level 2. HP: 22/23 MP: 3/5
   521 | D:1      | Found a faded altar of an unknown god.
   531 | D:1      | Became a worshipper of Dithmenos the Shadowed
   531 | D:1      | Reached * piety under Dithmenos
   966 | D:1      | HP: 1/24 [goblin/+0 dagger (3)]
   970 | D:1      | Slain by a goblin

Illustrated notes

Levels and vault maps discovered:
D:1:      lemuel_arrival_cross, layout_loops_corners, basic_ecumenical_altar,
          grunt_decor_clamped, roderic_nine_men_s_morris, minmay_misc_feat_doors

Action                   || total
-------------------------++-------
Melee: Unarmed           ||    32
       Kick              ||     5
       Headbutt          ||     2
       Tailslap          ||     2
 Cast: Beastly Appendage ||    12
Armor: Skin              ||    23
Dodge: Dodged            ||    63

Table legend: (Time is in decaauts)
 A = Elapsed time spent in this place.
 B = Non-inter-level travel time spent in this place.
 C = Inter-level travel time spent in this place.
 D = Time resting spent in this place.
 E = Time spent auto-exploring this place.
 F = Levels seen in this place.
 G = Mean time per level.
                   A        B        C        D        E       F      G
               +--------+--------+--------+--------+--------+-----+--------+
         Total |    967 |    967 |      0 |      0 |    816 |   1 |  967.0 |
       Dungeon |    967 |    967 |      0 |      0 |    816 |   1 |  967.0 |
               +--------+--------+--------+--------+--------+-----+--------+

Top non-repeatable levels by time:
     D:1: 967 daAuts
